[Event "Team 45 45 League T36"]
[Site "Internet Chess Club"]
[Date "2008.01.31"]
[Round "2"]
[White "Qui"]
[Black "WFN2"]
[Result "0-1"]
[WhiteElo "1994"]
[BlackElo "2280"]
[Opening "Modern defense"]
[ECO "A40"]
[Time "17:06:45"]
[TimeControl "2700+45"]

1. d4 g6 2. c4 c5 3. d5 b5 4. e4 d6 5. Nf3 Bg7 6. cxb5 a6 7. Nc3 Nf6 8. Qc2 O-O
9. Be2 axb5 10. Bxb5 Qa5 11. O-O Ba6 12. Bxa6 Qxa6 13. Re1 Nbd7 14. Bf4 Ng4 15.
Bg3 Rfb8 16. h3 Nge5 17. Nxe5 Nxe5 18. a4 Nd3 19. Reb1 Qc4 20. Ra3 Rb4 21. a5
Rb5 22. Ra4 Nb4 23. Qe2 Qxe2 24. Nxe2 Rbxa5 25. Rxa5 Rxa5 26. f4 Nd3 27. Nc1
Nxc1 28. Rxc1 Bxb2 29. Rb1 Ra1 30. Rxa1 Bxa1 31. Kf1 Kg7 32. e5 Kf8 33. Ke2 c4
34. Ke3 Ke8 35. Ke4 Kd7 36. Bh2 e6 37. dxe6+ Kxe6 38. exd6 f5+ 39. Ke3 Kxd6 40.
g4 Kd5 41. Bg3 Bd4+ 42. Kd2 Ke4 43. Kc2 Kf3 {White resigns} 0-1

[Event "Team 45 45 League T36"]
[Site "Internet Chess Club"]
[Date "2008.02.01"]
[Round "2"]
[White "SluMan"]
[Black "d4"]
[Result "1-0"]
[WhiteElo "1995"]
[BlackElo "1953"]
[Opening "English opening"]
[ECO "A10"]
[Time "21:09:30"]
[TimeControl "2700+45"]

1. c4 d5 2. cxd5 Qxd5 3. Nc3 Qd8 4. g3 Nf6 5. Bg2 c6 6. Nf3 g6 7. O-O Bg7 8. d4
O-O 9. h3 Nbd7 10. e4 Nb6 11. Qc2 Be6 12. b3 h6 13. Ba3 Rc8 14. Rad1 Qc7 15. Bc5
Rfe8 16. Rfe1 Nh5 17. Bxb6 axb6 18. Na4 Bd7 19. e5 c5 20. d5 Bxa4 21. bxa4 Bf8
22. e6 Bg7 23. exf7+ Kxf7 24. Nh4 g5 25. d6 exd6 26. Bd5+ {Black resigns} 1-0

[Event "Team 45 45 League T36"]
[Site "Internet Chess Club"]
[Date "2008.02.03"]
[Round "2"]
[White "smitty120"]
[Black "Zillmer"]
[Result "0-1"]
[WhiteElo "1945"]
[BlackElo "1947"]
[Opening "French: King's Indian attack"]
[ECO "C00"]
[Time "11:00:34"]
[TimeControl "2700+45"]

1. e4 e6 2. d3 d5 3. Qe2 Nf6 4. Nf3 c5 5. g3 Nc6 6. Bg2 Be7 7. O-O O-O 8. e5 Nd7
9. c4 d4 10. Bf4 b6 11. h4 Bb7 12. Nbd2 Qc7 13. Rfe1 Rfd8 14. Nh2 a6 15. a4 Rac8
16. Ndf3 Nb4 17. Ng4 Re8 18. Ng5 Bxg2 19. Nf6+ Bxf6 20. exf6 e5 21. Kxg2 gxf6
22. Qg4 fxg5 23. Bxg5 Qc6+ 24. Kh2 Qe6 25. Qf3 Nc2 26. Re4 f5 {White resigns}
0-1

[Event "Team 45 45 League T36"]
[Site "Internet Chess Club"]
[Date "2008.02.03"]
[Round "2"]
[White "kassy"]
[Black "MiroslavR"]
[Result "1-0"]
[WhiteElo "1774"]
[BlackElo "1933"]
[Opening "Sicilian: Najdorf, Byrne (English) attack"]
[ECO "B90"]
[Time "14:04:42"]
[TimeControl "2700+45"]

1. e4 c5 2. Nf3 d6 3. d4 cxd4 4. Nxd4 Nf6 5. Nc3 a6 6. Be3 e5 7. Nb3 Be6 8. f3
Nbd7 9. Qd2 b5 10. a4 b4 11. Nd5 Bxd5 12. exd5 Nb6 13. Bxb6 Qxb6 14. a5 Qb7 15.
Bc4 g6 16. Ra4 Rb8 17. Nc1 h5 18. Na2 Bh6 19. Qxb4 Qa7 20. Qxd6 Qe3+ 21. Kf1
Rxb2 22. Rb4 Ng4 23. Rb8+ Rxb8 24. Qxb8+ Ke7 25. d6+ Kf6 26. Qxh8+ Kg5 27. h4+
Kf5 28. fxg4+ Kxg4 29. Be2+ Kf5 30. Rh3 Qd2 31. Rf3+ {Black resigns} 1-0

[Event "Team 45 45 League T36"]
[Site "Internet Chess Club"]
[Date "2008.02.03"]
[Round "2"]
[White "DctSccr"]
[Black "xakelari"]
[Result "1-0"]
[WhiteElo "2130"]
[BlackElo "2006"]
[Opening "QGD: 4.Nf3"]
[ECO "D37"]
[Time "10:04:46"]
[TimeControl "2700+45"]

1. Nf3 Nf6 2. c4 e6 3. Nc3 d5 4. d4 Nbd7 5. Bg5 Bb4 6. cxd5 exd5 7. Qc2 c5 8.
dxc5 Qa5 9. Bd2 Nxc5 10. a3 Ne6 11. O-O-O Be7 12. e4 dxe4 13. Nxe4 Qc7 14. Bb5+
Bd7 15. Bxd7+ Nxd7 16. Qxc7 Nxc7 17. Rhe1 Ne6 18. Bb4 Rc8+ 19. Kb1 Bxb4 20. axb4
Ke7 21. Nd6 Rc6 22. Nf5+ Ke8 23. Nxg7+ Ke7 24. Nf5+ Ke8 25. Ng5 Nb6 26. b5 Rc7
27. Ng7+ Ke7 28. N7xe6 fxe6 29. Rxe6+ Kf8 30. Rd8+ Kg7 31. Rxh8 Kxh8 32. Re8+
Kg7 33. Ne6+ {Black resigns} 1-0

[Event "Team 45 45 League T36"]
[Site "Internet Chess Club"]
[Date "2008.02.05"]
[Round "2"]
[White "alexcluster"]
[Black "andreip"]
[Result "0-1"]
[WhiteElo "1849"]
[BlackElo "2044"]
[Opening "Queen's pawn game, Darooha variation "]
[ECO "D02"]
[Time "14:06:20"]
[TimeControl "2700+45"]

1. d4 d5 2. Nf3 Nf6 3. g3 Bg4 4. Bg2 e6 5. O-O Be7 6. c4 O-O 7. Nc3 c6 8. b3
Nbd7 9. Bb2 h5 10. h4 Nh7 11. Nh2 Ndf6 12. f4 Bf5 13. Qe1 dxc4 14. e3 cxb3 15.
axb3 Bc2 16. Ba3 Bxb3 17. Bxe7 Qxe7 18. Qb1 Bc4 19. Rc1 Nd5 20. Nxd5 exd5 21. e4
Nf6 22. e5 Ng4 23. Nxg4 hxg4 24. Qf5 Qe6 25. Qc2 g6 26. h5 Kg7 27. Kf2 Rh8 28.
hxg6 fxg6 29. Rh1 a6 30. Qb2 b5 31. Qb4 Rxh1 32. Bxh1 Kf7 33. Bg2 Qe7 34. Qd2 b4
35. Ra5 b3 36. Qb2 Qb4 37. Rc5 Rc8 38. Bf1 Bxf1 39. Kxf1 a5 40. Rc3 a4 41. Rd3
Rh8 42. Kg2 Qe1 {White resigns} 0-1

[Event "Team 45 45 League T36"]
[Site "Internet Chess Club"]
[Date "2008.02.01"]
[Round "2"]
[White "gezira"]
[Black "Avedldesierto"]
[Result "1-0"]
[WhiteElo "2137"]
[BlackElo "1860"]
[Opening "Ruy Lopez: closed"]
[ECO "C90"]
[Time "17:34:29"]
[TimeControl "2700+45"]

1. e4 e5 2. Nf3 Nc6 3. Bb5 a6 4. Ba4 Nf6 5. O-O b5 6. Bb3 Be7 7. Re1 d6 8. c3
Bg4 9. d3 h6 10. Nbd2 O-O 11. Nf1 Na5 12. Bc2 c5 13. h3 Be6 14. Ng3 Qd7 15. d4
cxd4 16. cxd4 exd4 17. Nxd4 Nc6 18. Ngf5 Nxd4 19. Nxd4 Rfd8 20. Bf4 Qb7 21. Nxe6
fxe6 22. Bb3 d5 23. exd5 exd5 24. Be5 Kh8 25. Qf3 Rf8 26. Bxf6 Rxf6 27. Bxd5 Qa7
28. Bxa8 Rxf3 29. Bxf3 Bc5 30. Re8+ Kh7 31. Rd1 Bxf2+ 32. Kh1 Bd4 33. Rd8 h5 34.
R1xd4 Qf7 35. Be4+ Kh6 36. R8d6+ Kg5 37. h4+ {Black resigns} 1-0

[Event "Team 45 45 League T36"]
[Site "Internet Chess Club"]
[Date "2008.02.03"]
[Round "2"]
[White "Ocho-Cinco"]
[Black "Ghashgork"]
[Result "1-0"]
[WhiteElo "1772"]
[BlackElo "1621"]
[Opening "Sicilian: Hungarian variation"]
[ECO "B27"]
[Time "13:19:12"]
[TimeControl "2700+45"]

1. e4 c5 2. Nf3 g6 3. c3 Bg7 4. d4 cxd4 5. cxd4 Nc6 6. Nc3 e6 7. Bf4 a6 8. d5
Nce7 9. Rc1 Nf6 10. dxe6 fxe6 11. Na4 Qa5+ 12. Bd2 Qd8 13. Bd3 b5 14. Nc5 d6 15.
Nb3 Bb7 16. Ba5 Qd7 17. Rc7 Qd8 18. Rxb7 Qc8 19. Rc7 Qb8 20. Ng5 Ra7 21. Nxe6
Bh6 22. Bb1 Rxc7 23. Nxc7+ Kf7 24. Qxd6 Rd8 25. Qe6+ Kf8 26. Qxf6+ Kg8 27. Qxe7
Bf8 28. Qe6+ Kh8 29. Bc3+ Bg7 30. Bxg7+ Kxg7 31. Qe7+ Kh6 32. O-O a5 33. Qh4+
Kg7 34. Qxd8 Qxd8 35. Ne6+ Kf7 36. Nxd8+ Ke7 37. Nc6+ Kd7 38. Ncxa5 Kc7 39. e5
Kd7 40. Rd1+ Ke6 41. f4 g5 42. Rd6+ Ke7 43. Nc6+ Ke8 44. e6 gxf4 45. Rd7 f3 46.
Nc5 f2+ 47. Kf1 h5 48. e7 h4 49. Rd8+ Kf7 50. e8=Q+ Kf6 51. Qe6+ Kg5 52. Rg8+
Kf4 53. Qe4# {Black checkmated} 1-0

[Event "Team 45 45 League T36"]
[Site "Internet Chess Club"]
[Date "2008.02.01"]
[Round "2"]
[White "joshtournman"]
[Black "GrandPoobah069"]
[Result "0-1"]
[WhiteElo "1467"]
[BlackElo "1688"]
[Opening "Sicilian defense"]
[ECO "B20"]
[Time "20:06:02"]
[TimeControl "2700+45"]

1. e4 c5 2. c4 Nc6 3. Nf3 g6 4. Nc3 Bg7 5. Be2 d6 6. d3 e5 7. h3 Nge7 8. O-O O-O
9. Be3 f5 10. Bg5 h6 11. Bxe7 Nxe7 12. Nd5 Nxd5 13. cxd5 Bd7 14. Qb3 b5 15. Nd2
a5 16. a3 a4 17. Qa2 Kh7 18. Rac1 Qa5 19. b3 axb3 20. Nxb3 Qxa3 21. Qxa3 Rxa3
22. Rb1 Rfa8 23. f4 b4 24. g4 Ra2 25. Rf2 Bb5 26. gxf5 gxf5 27. exf5 Rxe2 28.
Rxe2 Bxd3 29. Rbe1 Bxe2 30. Rxe2 Ra3 31. Nd2 Rxh3 32. fxe5 Rg3+ 33. Kf2 Rh3 34.
f6 Rh2+ 35. Kf3 Rxe2 36. Kxe2 Bf8 37. e6 Kg6 38. e7 Bxe7 39. fxe7 Kf7 40. Nc4
Kxe7 41. Kf3 Kf6 42. Nxd6 Ke5 43. Nf7+ Kxd5 44. Nxh6 b3 45. Nf5 b2 46. Ne3+ Kc6
{White resigns} 0-1

[Event "Team 45 45 League T36"]
[Site "Internet Chess Club"]
[Date "2008.02.03"]
[Round "2"]
[White "BraafPaard"]
[Black "ADIOKiddo4Ever"]
[Result "0-1"]
[WhiteElo "1554"]
[BlackElo "1517"]
[Opening "Scandinavian: Pytel-Wade variation"]
[ECO "B01"]
[Time "14:14:03"]
[TimeControl "2700+45"]

1. e4 d5 2. exd5 Qxd5 3. Nc3 Qd6 4. d4 Nf6 5. Be3 c6 6. h3 Bf5 7. Bd3 Bxd3 8.
Qxd3 Nbd7 9. Nf3 e6 10. O-O Qc7 11. a3 Bd6 12. Rad1 O-O 13. Rfe1 Rad8 14. Ne4
Nxe4 15. Qxe4 Nf6 16. Qd3 c5 17. Qc4 Nd5 18. dxc5 Nxe3 19. fxe3 Bxc5 20. Kf1 Qb6
21. Rxd8 Rxd8 22. Qb3 Qa6+ 23. c4 Qd6 24. Ke2 f6 25. Qc2 a5 26. e4 Qg3 {White
resigns} 0-1

[Event "Team 45 45 League T36"]
[Site "Internet Chess Club"]
[Date "2008.02.03"]
[Round "2"]
[White "bart0"]
[Black "PrincessChess"]
[Result "0-1"]
[WhiteElo "1715"]
[BlackElo "1836"]
[Opening "Ruy Lopez: Bird's defense"]
[ECO "C61"]
[Time "18:40:41"]
[TimeControl "2700+45"]

1. e4 e5 2. Nf3 Nc6 3. Bb5 Nd4 4. Nxd4 exd4 5. O-O c6 6. Bc4 b5 7. Bb3 a5 8. a4
Ba6 9. d3 g6 10. f4 bxa4 11. Rxa4 Bc5 12. f5 f6 13. Qg4 Ne7 14. Bh6 d5 15. fxg6
Bc8 16. g7 Rg8 17. Rxf6 Bxg4 18. Rf8+ Kd7 19. Rxd8+ Kxd8 20. exd5 Nxd5 21. Nd2
Kd7 22. Ne4 Be7 23. h3 Be6 24. g4 c5 25. Bc4 Nc7 26. Bxe6+ Nxe6 27. g5 Nxg7 28.
Nf6+ Bxf6 {White resigns} 0-1

[Event "Team 45 45 League T36"]
[Site "Internet Chess Club"]
[Date "2008.02.02"]
[Round "2"]
[White "BIGGY"]
[Black "Oblique"]
[Result "1-0"]
[WhiteElo "1713"]
[BlackElo "1716"]
[Opening "Bird's opening"]
[ECO "A03"]
[Time "11:31:07"]
[TimeControl "2700+45"]

1. f4 d5 2. Nf3 Nf6 3. e3 g6 4. b3 c5 5. Bb2 Bg7 6. Bb5+ Nbd7 7. O-O O-O 8. Bxd7
Bxd7 9. d3 Rc8 10. Qe2 Bc6 11. Nbd2 b5 12. Ne5 Bb7 13. a4 a6 14. axb5 axb5 15.
Ra2 h5 16. Rfa1 Qb6 17. Ndf3 Bh6 18. Qf2 Ng4 19. Nxg4 hxg4 20. Ne5 Qe6 21. Qh4
Bg7 22. Qxg4 Qd6 23. Ra7 Rc7 24. R1a5 b4 25. Qf3 Qb6 26. Ra2 c4 27. Bd4 Qe6 28.
dxc4 dxc4 29. Rxb7 Rxb7 30. Qxb7 cxb3 31. cxb3 Qxb3 32. Rb2 Qd1+ 33. Kf2 Bf6 34.
Qxb4 Rc8 35. Qb3 Qc1 36. Qxf7+ {Black resigns} 1-0

[Event "Team 45 45 League T36"]
[Site "Internet Chess Club"]
[Date "2008.01.30"]
[Round "2"]
[White "chess92192"]
[Black "OrangeKing"]
[Result "0-1"]
[WhiteElo "1749"]
[BlackElo "1698"]
[Opening "Scandinavian: Marshall variation"]
[ECO "B01"]
[Time "19:02:29"]
[TimeControl "2700+45"]

1. e4 d5 2. exd5 Nf6 3. d4 Nxd5 4. Nf3 g6 5. c4 Nb6 6. Be3 Bg7 7. Nc3 O-O 8. Be2
Bg4 9. O-O c6 10. b3 e6 11. Qd2 N8d7 12. Bh6 Bxf3 13. Bxf3 Bxh6 14. Qxh6 Nf6 15.
Rad1 Rc8 16. Rfe1 Rc7 17. Re3 Rd7 18. Red3 c5 19. Qd2 cxd4 20. Rxd4 Rxd4 21.
Qxd4 Qxd4 22. Rxd4 Rb8 23. Kf1 Nbd7 24. Ne4 b6 25. Nxf6+ Nxf6 26. Ke2 Kf8 27. b4
Ke7 28. Kd3 e5 29. Rh4 Rd8+ 30. Kc3 h5 31. c5 g5 32. Rc4 b5 33. Re4 Nxe4+ 34.
Bxe4 Kd7 35. Bc2 Kc7 36. a4 bxa4 37. Bxa4 f5 38. Bb5 e4 39. Be2 h4 40. h3 f4 41.
Bc4 e3 42. fxe3 fxe3 43. Be2 Rd2 44. Bf3 Rf2 45. b5 g4 46. Bxg4 Rxg2 47. Kd3
Rxg4 48. hxg4 h3 49. g5 h2 50. g6 h1=Q {White resigns} 0-1

[Event "Team 45 45 League T36"]
[Site "Internet Chess Club"]
[Date "2008.02.03"]
[Round "2"]
[White "quotha"]
[Black "mickeys"]
[Result "0-1"]
[WhiteElo "1571"]
[BlackElo "1723"]
[Opening "French: advance, Steinitz variation"]
[ECO "C02"]
[Time "09:31:28"]
[TimeControl "2700+45"]

1. e4 e6 2. d4 d5 3. e5 c5 4. dxc5 Bxc5 5. Bb5+ Bd7 6. Bxd7+ Qxd7 7. Nf3 Ne7 8.
O-O O-O 9. a3 a6 10. b4 Bb6 11. Bb2 Nec6 12. Qd3 Qe7 13. Rd1 Rd8 14. Nbd2 Bc7
15. Bd4 Nxd4 16. Qxd4 Nc6 17. Qb2 f6 18. exf6 Qxf6 19. Qb3 Ne5 20. Rac1 b5 21.
Re1 Nc4 22. Rcd1 Nb6 23. Qe3 Re8 24. Nb3 Nc4 25. Qc1 Bf4 26. Qa1 Qf7 27. Ne5 Qh5
28. Nf3 Bd6 29. Rd4 Ne5 30. Nxe5 Bxe5 31. Rxe5 Qxe5 32. Rd1 Qxa1 33. Rxa1 e5 34.
Rd1 d4 35. Nc5 Rad8 36. Ne4 Kf7 37. Kf1 h6 38. h4 Re6 39. g4 Rc6 40. c3 dxc3 41.
Nxc3 Rxd1+ 42. Nxd1 Rc1 43. Ke2 Ra1 44. Ne3 Rxa3 45. Nd5 Ke6 {White resigns} 0-1

[Event "Team 45 45 League T36"]
[Site "Internet Chess Club"]
[Date "2008.02.02"]
[Round "2"]
[White "nardz"]
[Black "CMerli"]
[Result "0-1"]
[WhiteElo "2188"]
[BlackElo "2341"]
[Opening "King's Indian: orthodox, Aronin-Taimanov variation (Yugoslav attack / Mar del Plata variation)"]
[ECO "E97"]
[Time "17:58:28"]
[TimeControl "2700+45"]

1. d4 Nf6 2. c4 g6 3. Nc3 Bg7 4. e4 d6 5. Nf3 O-O 6. Be2 e5 7. O-O Nc6 8. d5 Ne7
9. Nd2 a5 10. a3 Nd7 11. Rb1 f5 12. b4 Kh8 13. Nb3 axb4 14. axb4 Nf6 15. f3 f4
16. c5 g5 17. g4 fxg3 18. hxg3 Bh3 19. Rf2 g4 20. fxg4 Qc8 21. Rxf6 Rxf6 22. Kh2
Bxg4 23. Bxg4 Qf8 24. Be3 Bh6 25. Bg1 Qg7 26. Be6 Bf4 27. Ne2 Qh6+ 28. Kg2 Bxg3
29. Kxg3 Qg5+ 30. Kh2 Rh6+ 31. Bh3 Rxh3+ 32. Kxh3 Rg8 {White resigns} 0-1

[Event "Team 45 45 League T36"]
[Site "Internet Chess Club"]
[Date "2008.02.02"]
[Round "2"]
[White "killer21"]
[Black "eurander"]
[Result "1/2-1/2"]
[WhiteElo "2213"]
[BlackElo "2136"]
[Opening "Caro-Kann: classical, 6.h4"]
[ECO "B18"]
[Time "07:00:24"]
[TimeControl "2700+45"]

1. e4 c6 2. d4 d5 3. Nd2 dxe4 4. Nxe4 Bf5 5. Ng3 Bg6 6. h4 h6 7. h5 Bh7 8. Bc4
e6 9. Nf3 Nd7 10. Bf4 Ngf6 11. Qe2 Qa5+ 12. c3 Nd5 13. Bxd5 cxd5 14. O-O Be7 15.
Ne5 Qd8 16. Qg4 Nxe5 17. dxe5 Bg5 18. Bxg5 hxg5 19. f4 Qb6+ 20. Rf2 gxf4 21.
Qxf4 O-O-O 22. Rf1 Rdf8 23. Qg5 Bd3 24. Rd1 Bb5 25. Qxg7 Rfg8 26. Qf6 Qe3 27.
Nf1 Bxf1 28. Rxf1 Rxh5 29. Qf4 Qh3 30. Re2 Qh1+ 31. Kf2 Rxg2+ 32. Ke1 Rxe2+ 33.
Kxe2 Rh2+ 34. Rf2 Rxf2+ 35. Kxf2 Qh5 36. Ke3 Qg6 37. Qa4 Qg3+ 38. Kd2 Qf2+ 39.
Kd1 Qf1+ 40. Kd2 Qg2+ 41. Kd1 Qg1+ 42. Kc2 Qh2+ 43. Kb3 Qxe5 44. Qe8+ Kc7 45.
Qe7+ Kb6 46. Qxf7 Qd6 47. a4 a5 48. Qe8 Qc6 49. Qd8+ Qc7 50. Qe8 Qc4+ 51. Ka3
Qc5+ 52. Kb3 Qc4+ 53. Ka3 Qc5+ {Game drawn by mutual agreement} 1/2-1/2

[Event "Team 45 45 League T36"]
[Site "Internet Chess Club"]
[Date "2008.02.02"]
[Round "2"]
[White "JustinSane"]
[Black "Terte"]
[Result "1/2-1/2"]
[WhiteElo "2234"]
[BlackElo "2105"]
[Opening "King's Indian: London system"]
[ECO "A48"]
[Time "13:30:02"]
[TimeControl "2700+45"]

1. d4 Nf6 2. Nf3 g6 3. Bf4 Bg7 4. e3 O-O 5. Be2 d6 6. h3 c5 7. Nc3 cxd4 8. exd4
Nbd7 9. Qd2 b6 10. O-O Bb7 11. a4 Re8 12. Rad1 Rc8 13. Ng5 h6 14. Nf3 Kh7 15.
Nh2 e5 16. Be3 Qe7 17. dxe5 dxe5 18. Nb5 Nc5 19. Qd6 Nfe4 20. Qxe7 Rxe7 21. b3
a6 22. Nd6 Nxd6 23. Rxd6 Be4 24. Rxb6 Bxc2 25. Bxc5 Rxc5 26. Bxa6 f5 27. Rc1 e4
28. b4 Rcc7 29. a5 Bb2 30. Re1 Bc3 31. Re2 Bd3 32. Bxd3 exd3 33. Rxe7+ Rxe7 34.
Nf3 d2 35. Nxd2 Bxd2 36. a6 Bf4 37. g3 Be5 38. b5 Ra7 39. Re6 Bb8 40. Re8 Bd6
41. Rd8 Bc5 42. Kf1 Kg7 43. Rd5 Be7 44. Ke2 Kf6 45. f4 Ke6 46. Rd3 Bd6 47. Kd2
Bc5 48. Kc3 Bb6 49. Kb4 Rd7 50. Rc3 Rd4+ 51. Kb3 Rd6 52. Rc8 Kd7 53. Rg8 Kc7 54.
Rg7+ Kb8 55. Kc4 Rd4+ 56. Kc3 Rd6 57. Rb7+ Kc8 58. Kc4 Bf2 59. Rg7 Kb8 60. g4
fxg4 61. hxg4 Be3 62. f5 gxf5 63. gxf5 h5 64. Rg6 Rd4+ 65. Kc3 Rf4 66. Re6 Rxf5
67. Rxe3 Rxb5 {Game drawn by mutual agreement} 1/2-1/2

[Event "Team 45 45 League T36"]
[Site "Internet Chess Club"]
[Date "2008.02.03"]
[Round "2"]
[White "valipop"]
[Black "gorgon"]
[Result "1-0"]
[WhiteElo "2116"]
[BlackElo "2093"]
[Opening "Sicilian: Alapin's variation (2.c3)"]
[ECO "B22"]
[Time "07:05:26"]
[TimeControl "2700+45"]

1. e4 c5 2. c3 Nf6 3. e5 Nd5 4. Bc4 Nb6 5. Bb3 d5 6. d4 cxd4 7. cxd4 Bf5 8. Ne2
e6 9. O-O Nc6 10. Ng3 Bg6 11. f4 Rc8 12. Be3 Qd7 13. Nc3 Na5 14. Bc2 Nac4 15.
Bc1 Bxc2 16. Qxc2 g6 17. Qd3 Bb4 18. Nd1 Qb5 19. a4 Qc6 20. b3 Na5 21. Bb2 O-O
22. Rc1 Qd7 23. Ne3 Rxc1 24. Rxc1 a6 25. Ng4 Be7 26. Ba3 Rc8 27. Rxc8+ Nxc8 28.
Bxe7 Qxe7 29. Nh5 Qb4 30. Nhf6+ Kg7 31. h4 Qe1+ 32. Kh2 Qxh4+ 33. Kg1 Qe1+ 34.
Kh2 Qb4 35. Qh3 h5 36. Qh4 Ne7 37. Nxh5+ Kf8 38. Nhf6 {Black resigns} 1-0

[Event "Team 45 45 League T36"]
[Site "Internet Chess Club"]
[Date "2008.02.01"]
[Round "2"]
[White "Kiutner"]
[Black "Gail"]
[Result "0-1"]
[WhiteElo "2366"]
[BlackElo "2425"]
[Opening "Sicilian: Richter-Rauzer, Larsen variation, 7.Qd2"]
[ECO "B61"]
[Time "15:04:18"]
[TimeControl "2700+45"]

1. e4 c5 2. Nf3 d6 3. d4 cxd4 4. Nxd4 Nf6 5. Nc3 Nc6 6. Bg5 Bd7 7. Qd2 Rc8 8.
O-O-O Nxd4 9. Qxd4 Qa5 10. Be3 a6 11. f3 g6 12. Qb6 Qxb6 13. Bxb6 Bg7 14. g4 Be6
15. h4 h5 16. g5 Nd7 17. Bd4 Bxd4 18. Rxd4 O-O 19. f4 Nc5 20. Bg2 f5 21. Nd5
Bxd5 22. exd5 Rc7 23. Re1 Rfc8 24. c3 Kf8 25. Kd2 Nd7 26. Re3 Rc4 27. b3 Rxd4+
28. cxd4 Ke8 29. Rc3 Kd8 30. Rxc8+ Kxc8 31. Kc3 Kc7 32. b4 b5 33. Bf3 Nb6 34.
Kd3 Kd7 35. Kc3 Na8 36. Bd1 Nc7 37. Bb3 Kd8 38. Kd3 e6 39. dxe6 d5 40. Ke3 Ke7
41. Kd3 Kd6 42. Bd1 Nxe6 43. Ke3 Kc6 44. Bf3 Ng7 45. Kd3 Ne8 46. Kc3 Nd6 47. Kb3
Ne4 48. Kc2 Kb6 49. Bg2 a5 50. a3 a4 51. Bf3 Kc6 52. Bh1 Nd6 53. Kb2 Nc4+ 54.
Ka2 Nd2 55. Kb2 Nc4+ 56. Ka2 Nd2 57. Kb2 Kd6 58. Bg2 Nc4+ 59. Ka2 Ne3 60. Bf3
Nc2 {White resigns} 0-1

[Event "Team 45 45 League T36"]
[Site "Internet Chess Club"]
[Date "2008.02.01"]
[Round "2"]
[White "Despair"]
[Black "VammSK"]
[Result "1/2-1/2"]
[WhiteElo "1960"]
[BlackElo "2256"]
[Opening "Grob's attack"]
[ECO "A00"]
[Time "09:58:06"]
[TimeControl "2700+45"]

1. g4 d5 2. h3 h5 3. g5 e5 4. d3 h4 5. Bg2 Be6 6. Nf3 Nd7 7. e4 d4 8. c3 c5 9.
Qa4 Bd6 10. Na3 a6 11. Nc4 Bc7 12. cxd4 b5 13. Qc2 cxd4 14. Ncd2 Ne7 15. Nb3 Rc8
16. Qd1 Bxb3 17. Qxb3 Nc5 18. Qc2 Ba5+ 19. Kf1 Nxe4 20. Qe2 Nc5 21. Nxe5 O-O 22.
Qh5 Nf5 23. Qg4 g6 24. Be4 Nd6 25. Bd5 Nf5 26. Be4 Ng7 27. Qxh4 Re8 28. Bf4 Nxe4
29. dxe4 Nh5 30. Bh2 Rc2 31. Rb1 d3 32. Kg2 Qd4 33. Nf3 Qxe4 34. Qxe4 Rxe4 35.
Ne1 Bxe1 36. Rhxe1 Ree2 37. Rxe2 dxe2 38. Be5 Rc5 39. f4 f6 40. gxf6 g5 41. Re1
gxf4 42. Rxe2 Kf7 43. Kf3 Nxf6 44. Bxf6 Kxf6 45. Kxf4 a5 46. h4 Rc4+ 47. Kg3 Kf5
48. Rf2+ Kg6 49. Rd2 Rc5 50. Kg4 Rc4+ 51. Kg3 Rc5 52. Kg4 Rc4+ {Game drawn by
mutual agreement} 1/2-1/2

[Event "Team 45 45 League T36"]
[Site "Internet Chess Club"]
[Date "2008.02.05"]
[Round "2"]
[White "NFork"]
[Black "Defenceact"]
[Result "1-0"]
[WhiteElo "2172"]
[BlackElo "1844"]
[Opening "Sicilian: Najdorf, Lipnitzky attack"]
[ECO "B86"]
[Time "12:06:08"]
[TimeControl "2700+45"]

1. e4 c5 2. Nf3 d6 3. d4 cxd4 4. Nxd4 Nf6 5. Nc3 a6 6. Bc4 e6 7. Bb3 Be7 8. O-O
O-O 9. f4 Qc7 10. Qf3 Nc6 11. Be3 Rb8 12. Qg3 b5 13. e5 Ne8 14. Rae1 b4 15. Ne4
d5 16. Ng5 h6 17. Ngf3 f5 18. exf6 Bxf6 19. Nxc6 Qxc6 20. f5 Kh8 21. Qxb8 exf5
22. Ne5 Bxe5 23. Qxe5 Nf6 24. Bd4 a5 25. Qg3 a4 26. Re7 g5 27. Rc7 Qe8 28. Bxd5
f4 29. Rxf4 Qd8 30. Rxf6 Rxf6 31. Rxc8 Qxc8 32. Bxf6+ Kh7 33. Qd3+ {Black
resigns} 1-0

[Event "Team 45 45 League T36"]
[Site "Internet Chess Club"]
[Date "2008.02.03"]
[Round "2"]
[White "cosmos"]
[Black "BigH"]
[Result "0-1"]
[WhiteElo "1393"]
[BlackElo "1647"]
[Opening "Benoni defense"]
[ECO "A60"]
[Time "07:01:31"]
[TimeControl "2700+45"]

1. d4 Nf6 2. c4 c5 3. d5 e6 4. dxe6 fxe6 5. Nf3 Be7 6. Nc3 d5 7. cxd5 exd5 8.
Qa4+ Bd7 9. Qb3 Bc6 10. Ne5 b6 11. Nxc6 Nxc6 12. e3 O-O 13. Be2 Kh8 14. O-O d4
15. Rd1 Qc8 16. Nb1 Bd6 17. Bf3 Be5 18. Qa4 Ne7 19. Bxa8 Qxa8 20. Na3 Ng4 21. f4
Bf6 22. Nc2 dxe3 23. Nxe3 Nxe3 24. Bxe3 Bxb2 25. Rab1 Bf6 26. Qd7 Ng6 27. Rd5
Rd8 28. Qxd8+ Bxd8 29. Rbd1 Bf6 30. g4 h6 31. g5 hxg5 32. fxg5 Be7 33. Bf2 Nf4
{White resigns} 0-1

[Event "Team 45 45 League T36"]
[Site "Internet Chess Club"]
[Date "2008.02.02"]
[Round "2"]
[White "AntonioMendonca"]
[Black "mongmong"]
[Result "0-1"]
[WhiteElo "1734"]
[BlackElo "1713"]
[Opening "Catalan opening"]
[ECO "E00"]
[Time "20:08:52"]
[TimeControl "2700+45"]

1. d4 e6 2. c4 Nf6 3. g3 Bb4+ 4. Bd2 Qe7 5. Nf3 Nc6 6. Bg2 Bxd2+ 7. Nbxd2 d6 8.
O-O O-O 9. e4 e5 10. d5 Nb8 11. Ne1 c6 12. Nd3 cxd5 13. cxd5 Na6 14. Qe1 Bd7 15.
f4 exf4 16. gxf4 Ng4 17. h3 Nh6 18. a4 Rac8 19. Qg3 Nc5 20. Nxc5 Rxc5 21. b4 Rc2
22. Rf2 Rfc8 23. Qh2 Rb2 24. Nf3 Rxb4 25. e5 Rxa4 26. Rxa4 Bxa4 27. Nd4 Rc4 28.
exd6 Qxd6 29. Re2 Rxd4 30. Re8+ Bxe8 {White resigns} 0-1

[Event "Team 45 45 League T36"]
[Site "Internet Chess Club"]
[Date "2008.01.31"]
[Round "2"]
[White "Erle"]
[Black "lw"]
[Result "1-0"]
[WhiteElo "1688"]
[BlackElo "1584"]
[Opening "Robatsch (modern) defense"]
[ECO "B06"]
[Time "13:00:39"]
[TimeControl "2700+45"]

1. e4 g6 2. d4 d6 3. Nf3 Bg7 4. Bc4 e6 5. Nc3 Ne7 6. Bf4 d5 7. Bb3 O-O 8. O-O
Nbc6 9. Nb5 dxe4 10. Ng5 Nd5 11. Bxd5 exd5 12. Nxc7 h6 13. Nxa8 hxg5 14. Bg3 f5
15. Bc7 Qe7 16. Nb6 axb6 17. Bxb6 Qf6 18. c3 f4 19. Qb3 Qf5 20. f3 exf3 21. Rxf3
g4 22. Rff1 f3 23. Bc5 f2+ 24. Kh1 Rf7 25. Bd6 Na5 26. Qb6 Rd7 27. Bg3 Nc4 28.
Qc5 Rf7 29. Rxf2 Qxf2 30. Bxf2 Rxf2 31. Qxc8+ Kh7 32. Qxg4 Rxb2 33. a4 Na3 34.
h3 Nb1 35. a5 Nxc3 36. a6 bxa6 37. Rxa6 Rb1+ 38. Kh2 Rb8 39. Qxg6+ Kh8 40. Ra7
Rg8 41. Qh5+ {Black resigns} 1-0

[Event "Team 45 45 League T36"]
[Site "Internet Chess Club"]
[Date "2008.02.03"]
[Round "2"]
[White "stakastra"]
[Black "chessbuzz"]
[Result "1-0"]
[WhiteElo "1516"]
[BlackElo "1484"]
[Opening "Sicilian: closed"]
[ECO "B23"]
[Time "08:02:53"]
[TimeControl "2700+45"]

1. e4 c5 2. Nc3 d6 3. d4 cxd4 4. Qxd4 Nc6 5. Qd1 Nf6 6. Nf3 a6 7. Bd3 e6 8. O-O
Qc7 9. Bf4 b5 10. Bg5 Be7 11. a3 Bb7 12. Re1 O-O 13. Qd2 Rfe8 14. Qf4 h6 15.
Bxf6 Bxf6 16. h3 Rac8 17. Nh2 Be5 18. Qf3 Bxh2+ 19. Kxh2 Ne5 20. Qe3 Nxd3 21.
cxd3 d5+ 22. e5 Red8 23. d4 Qe7 24. Rab1 f6 25. exf6 Qxf6 26. Qxe6+ Qxe6 27.
Rxe6 Re8 28. Rbe1 Rxe6 29. Rxe6 Kf8 30. Rb6 Rc7 31. Rd6 Ke7 32. Rg6 Kf7 33. Rg3
Re7 34. Re3 g5 35. Kg3 h5 36. Rxe7+ Kxe7 37. Kf3 Kf6 38. Ke3 Kf5 39. f3 h4 40.
Ne2 a5 41. g4+ Ke6 42. Nc3 b4 43. axb4 axb4 44. Na4 Ba6 45. Nc5+ Kd6 46. Nxa6
Kc6 47. Nxb4+ Kb5 48. Nxd5 Kc4 49. Ke4 Kb5 50. Nf6 Kc6 51. Nh7 Kd6 52. Nxg5
{Black resigns} 1-0